 Dungeon Crawl Stone Soup version 0.28.0-43-g3370ac3207 (webtiles) character file.

Game seed: 8285132513187101800

4501 pkoi the Zephyrmancer (level 10, -1/56 HPs)
             Began as a Deep Elf Air Elementalist on Mar 18, 2022.
             Was an Initiate of Sif Muna.
             Slain by a warg (9 damage)
             ... on level 7 of the Dungeon.
             The game lasted 00:11:21 (12040 turns).

pkoi the Zephyrmancer (Deep Elf Air Elementalist)  Turns: 12040, Time: 00:11:21

Health: -1/56      AC:  9    Str:  8    XL:     10   Next: 16%
Magic:  2/25       EV: 14    Int: 25    God:    Sif Muna [......]
Gold:   485        SH:  5    Dex: 25    Spells: 16/27 levels left

rFire   . . .      SeeInvis .   j - +5 short sword of Pestilence {elec, Str+3 Dex+4}
rCold   + . .      Faith    .   (no shield)
rNeg    . . .      Spirit   .   u - +1 ring mail "Fuuraol" {Dex+6}
rPois   .          Reflect  +   f - +1 helmet
rElec   .          Harm     .   (no cloak)
rCorr   +          Rampage  .   (no gloves)
Will    +....                   (no boots)
Stlth   ++........              p - amulet of reflection
HPRegen 0.18/turn               t - ring of protection from cold
MPRegen 0.19/turn               k - ring of resist corrosion

@: no status effects
A: no striking features
a: Renounce Religion


You were on level 7 of the Dungeon.
You worshipped Sif Muna.
Sif Muna was noncommittal.
You visited 2 branches of the dungeon, and saw 9 of its levels.

You collected 485 gold pieces.

Inventory:

Hand Weapons
 d - a +1 short sword
 j - the +5 short sword of Pestilence (weapon) {elec, Str+3 Dex+4}
   (You found it on level 3 of the Dungeon)

   It occasionally discharges a powerful burst of electricity upon striking a
   foe.
   Str:       It affects your strength (+3).
   Dex:       It affects your dexterity (+4).
 w - a +4 dagger
Missiles
 i - a throwing net
 v - 3 curare-tipped darts
Armour
 a - a +0 robe
 f - a +1 helmet (worn)
 u - the +1 ring mail "Fuuraol" (worn) {Dex+6}
   (You found it on level 5 of the Dungeon)

   Dex:       It affects your dexterity (+6).
Jewellery
 k - a ring of resist corrosion (right hand)
 m - a ring of positive energy
 p - an amulet of reflection (around neck)
 s - a ring of ice
 t - a ring of protection from cold (left hand)
 y - an amulet of the acrobat
Wands
 x - a wand of flame (27)
Scrolls
 o - a scroll of identify
Potions
 b - a potion of flight
 c - a potion of curing
 e - 2 potions of haste
 g - 2 potions of magic
 h - 4 potions of berserk rage
 l - 2 potions of attraction
 n - a potion of brilliance
 q - 2 potions of might
 z - a potion of mutation


   Skills:
 + Level 3.7 Fighting
 + Level 3.9 Armour
 + Level 6.3 Dodging
 - Level 2.4 Stealth
 + Level 9.3 Spellcasting
 - Level 1.1 Conjurations
 * Level 10.6 Air Magic


You had 16 spell levels left.
You knew the following spells:

 Your Spells              Type           Power      Damage    Failure   Level
a - Shock                 Conj/Air       100%       1d9       1%          1
b - Static Discharge      Conj/Air       41%        N/A       1%          2
c - Swiftness             Air            60%        N/A       1%          3
d - Airstrike             Air            30%        N/A       1%          4
e - Apportation           Tloc           22%        N/A       14%         1

Your spell library contained the following spells:

 Spells                   Type           Power      Damage    Failure   Level
 Sandblast                Erth           22%        2d7       14%         1
 Teleport Other           Tloc           11%        N/A       41%         3


Dungeon Overview and Level Annotations

Branches:
Dungeon (8/15)             Temple (1/1) D:6
   Lair: D:8-11

Altars:
Cheibriados
Dithmenos
Elyvilon
Hepliaklqana
Kikubaaqudgha
Makhleb
Nemelex Xobeh
Okawaru
Qazlal
Sif Muna
Trog
Uskayaw
Vehumet
Wu Jian
Xom
Yredelemnul
Zin
The Shining One


Message History

As you read the scroll labelled CIOLOY DY DURI, it crumbles to dust.
A profound silence engulfs you.
It was a scroll of silence.
The kobold shoots a bolt.
The bolt closely misses you. The warg bites you.
* * * LOW HITPOINT WARNING * * *
The kobold zaps a wand.
You resist with almost no effort.
The kobold shoots a bolt.
The bolt hits you.
* * * LOW HITPOINT WARNING * * *
The warg closely misses you.
Found a stone staircase leading down.
The kobold unwields a +0 hand crossbow.
The kobold wields a +0 mace.
The kobold barely misses you. The kobold misses you.
The kobold closely misses you. You block the warg's attack.
The warg misses you.
You see here a +0 whip.
The warg misses you. The warg bites you but does no damage.
The warg barely misses you.
Your hearing returns.
The warg misses you.
The kobold unwields a +0 mace.
The kobold wields a +0 hand crossbow.
The kobold shoots a bolt.
The bolt hits you but does no damage.
There is a stone staircase leading up here.
The warg bites you!
* * * LOW HITPOINT WARNING * * *
You climb upwards.
There is a stone staircase leading down here.
Unknown command.
Aiming: Airstrike (dangerous; 1% risk of failure)
Press: ? - help, Q - select action, (/) - cycle Dir - move target, f - warg
Aim: a warg (empty space bonus: 6/8)
The air twists around and strikes the warg!
The warg is heavily wounded.
The warg closely misses you. The warg bites you.
* * * LOW HITPOINT WARNING * * *
Aiming: Airstrike (dangerous; 1% risk of failure)
Press: ? - help, Q - select action, (/) - cycle Dir - move target, f/p - warg
Aim: a warg (heavily wounded, empty space bonus: 6/8)
The air twists around and strikes the warg!
The warg is almost dead.
The warg bites you!
You die...

..#...#######.....###'#.......#..
..#....#....'.....#...#.......#..
..#...##....#.....#...#.......#..
###...##....#.....#...#.......#..
.'.....#....#.....#...#.......#..
.#.....'....#.....#...#.......'..
.#.....#....#.....#...#.......#..
.#.....#....#.....#...#.......#..
.#....#######...@.#####.......###
.#....#..........h........######.
#######...................#....#.
.........................(#....#.
..........................#....'.
..........................#....#.
..........................######)
.......##############'###......))
########..........#.....#......).


You could see a warg.

Vanquished Creatures
  Erica (D:8)
  Pikel (D:6)
  A kobold demonologist (D:7)
  A komodo dragon (D:6)
  Grinder (D:4)
  A shadow (D:6)
  Eustachio (D:6)
  A water moccasin (D:8)
  An ice beast (D:8)
  2 orc warriors (D:5)
  A sky beast (D:6)
  A black bear (D:6)
  A hornet zombie (D:6)
  A necrophage (D:7)
  4 ogres
  A centaur (D:6)
  2 lemures (D:6)
  2 kobold brigands (D:8)
  A bullfrog (D:8)
  2 water moccasin skeletons
  5 wights (D:6)
  A jelly (D:7)
  A bullfrog zombie (D:6)
  A centaur zombie (D:5)
  5 hounds
  2 orc priests (D:3)
  A centaur skeleton (D:5)
  6 iguanas
  3 orc wizards
  A scorpion zombie (D:5)
  A hound skeleton (D:5)
  A howler monkey zombie (D:7)
  6 adders
  A shadow imp (D:6)
  2 white imps
  A worm (D:2)
  4 dart slugs
  17 orcs
  8 bats
  3 endoplasms
  2 giant cockroaches
  6 goblins
  11 hobgoblins
  5 jackals
  4 quokkas
  7 ball pythons
  5 frilled lizards
  8 kobolds
  6 rats
151 creatures vanquished.

Vanquished Creatures (others)
  A kobold (D:8)
1 creature vanquished.

Grand Total: 152 creatures vanquished

Notes
Turn   | Place    | Note
-------+----------+-------------------------------------------
     0 | D:1      | pkoi the Deep Elf Air Elementalist began the quest for the
                  | Orb.
     0 | D:1      | Reached XP level 1. HP: 10/10 MP: 6/6
   295 | D:1      | Reached XP level 2. HP: 11/15 MP: 0/8
   375 | D:1      | Learned a level 2 spell: Static Discharge
   904 | D:1      | Reached skill level 4 in Air Magic
  1388 | D:2      | Reached XP level 3. HP: 19/19 MP: 3/9
  1411 | D:1      | Learned a level 3 spell: Swiftness
  2499 | D:3      | Reached XP level 4. HP: 12/24 MP: 7/11
  2793 | D:3      | Learned a level 4 spell: Airstrike
  3096 | D:3      | Reached skill level 5 in Air Magic
  3148 | D:3      | Identified the +5 short sword of Pestilence {elec, Str+3
                  | Dex+4}
  3646 | D:3      | Reached XP level 5. HP: 28/28 MP: 6/13
  4274 | D:4      | Noticed an ogre
  4482 | D:4      | Noticed Grinder
  4760 | D:4      | Killed an ogre
  4761 | D:4      | Reached skill level 6 in Air Magic
  4761 | D:4      | Reached XP level 6. HP: 32/32 MP: 9/15
  4864 | D:4      | Reached skill level 5 in Spellcasting
  5021 | D:4      | Killed Grinder
  5323 | D:4      | Found an iron altar of Okawaru.
  5333 | D:4      | Reached skill level 7 in Air Magic
  5333 | D:4      | Reached XP level 7. HP: 31/36 MP: 11/17
  5734 | D:5      | Entered Level 5 of the Dungeon
  5759 | D:5      | Found a glowing silver altar of Zin.
  5871 | D:5      | Found a bloodstained altar of Trog.
  6313 | D:5      | Reached skill level 8 in Air Magic
  6429 | D:5      | Identified the +1 ring mail "Fuuraol" {Dex+6}
  7138 | D:6      | Found a burning altar of Makhleb.
  7160 | D:5      | Reached XP level 8. HP: 18/42 MP: 7/20
  7446 | D:5      | Reached skill level 1 in Fighting
  7446 | D:5      | Reached skill level 1 in Armour
  7851 | D:6      | Got the Tome of Quantum Earth
  7854 | D:6      | Learned a level 1 spell: Apportation
  7900 | D:6      | Found an ornate altar of the Wu Jian Council.
  8044 | D:6      | Found a hide-covered altar of Uskayaw.
  8048 | D:6      | Noticed a komodo dragon
  8053 | D:6      | Killed a komodo dragon
  8054 | D:6      | Reached skill level 9 in Air Magic
  8347 | D:5      | Reached XP level 9. HP: 28/49 MP: 0/23
  8671 | D:6      | Noticed Pikel
  8913 | D:6      | Found a staircase to the Ecumenical Temple.
  8948 | Temple   | Entered the Ecumenical Temple
  9126 | Temple   | Became a worshipper of Sif Muna the Loreminder
  9544 | D:6      | Killed Pikel
  9545 | D:6      | Reached skill level 5 in Dodging
  9838 | D:6      | Noticed Eustachio
  9846 | D:6      | Killed Eustachio
  9847 | D:6      | Reached skill level 10 in Air Magic
 10484 | D:7      | Found a basalt altar of Yredelemnul.
 11210 | D:8      | Found a radiant altar of Vehumet.
 11223 | D:8      | Noticed a kobold demonologist
 11399 | D:7      | Killed a kobold demonologist
 11790 | D:8      | Reached XP level 10. HP: 56/56 MP: 12/25
 11989 | D:8      | Noticed Erica
 11995 | D:8      | Killed Erica
 12010 | D:8      | Paralysed by a kobold for 4 turns
 12040 | D:7      | Slain by a warg

Illustrated notes

Levels and vault maps discovered:
D:1:      minmay_arrival_semitransparent, layout_loops_ring
D:2:      layout_rooms, minmay_pentomino_z2
D:3:      layout_basic
D:4:      wander_river, layout_rooms, kennysheep_okawaru_gauntlet, hex_tiny,
          uniq_grinder
D:5:      layout_basic, mainiacjoe_overflow_catwalk_spiral
D:6:      layout_rooms, lemuel_crystal_altar, makhleb_heckhound_becter,
          nicolae_wu_jian_glorious_leap, minmay_temple_entry_grid,
          roderic_cross_of_infinity, wad_rectangle_vault, uniq_eustachio,
          uniq_pikel
D:7:      layout_gridville, lemuel_tele_altar
D:8:      layout_rooms, fiery_altar_vehumet, erik_lair_orcish_takeover,
          special_room [special_room_kobold], uniq_erica
Temple:   chequers_temple_sunken

Skill      XL: |  1  2  3  4  5  6  7  8  9 |
---------------+----------------------------+-----
Air Magic      | 4 5 6 7 8 9 10 | 10.6
Spellcasting   | 4 5 7 8 9 |  9.3
Dodging        | 3 4 6 |  6.3
Fighting       | 2 3 |  3.7
Armour         | 2 3 |  3.9
Stealth        | |  2.4
Conjurations   | |  1.1

Action                   |  1- 3 |  4- 6 |  7- 9 | 10-12 || total
-------------------------+-------+-------+-------+-------++-------
Melee: Unarmed           |     6 |       |       |       ||     6
       Short sword       |     6 |     7 |    30 |       ||    43
       Punch             |       |       |     1 |       ||     1
 Cast: Shock             |   102 |   104 |    67 |       ||   273
       Airstrike         |       |     2 |    90 |     8 ||   100
       Static Discharge  |       |       |     2 |       ||     2
  Use: Scroll            |     2 |     4 |     9 |     1 ||    16
       Potion            |       |     1 |       |       ||     1
 Stab: Sleeping          |     1 |       |     1 |       ||     2
Armor: Robe              |     9 |       |     5 |       ||    14
       Ring mail         |       |       |     6 |     3 ||     9
Dodge: Dodged            |    11 |    10 |    39 |    11 ||    71
Block: Other             |       |     2 |    12 |     2 ||    16
       Reflection        |       |       |       |     1 ||     1
